Sabres vs Predators
(R1)
Created - January 13, 2019 at 19:02
Goals
|
| Sabres |
1 |
2 |
0 |
3 |
| Predators |
3 |
1 |
2 |
6 |
|
Shots
|
| Sabres |
8 |
10 |
11 |
29 |
| Predators |
11 |
17 |
6 |
34 |
|
1st period
1. Sabres , Zack Kassian 16 (Ilya Kovalchuk 18) at 10:20 (PP)
2. Predators , Adam Burish 4 (James Van Riemsdyk 6) at 11:22
3. Predators , Niclas Bergfors 15 (Alexander Ovechkin 25, Mikael Granlund 24) at 13:14
4. Predators , Andy Miele 7 (Alexander Ovechkin 26) at 16:40 (SH)
Penalties :
Andrei Loktionov (Buf) for Interference (Minor) at 1:53, Alexander Steen (Nas) for Holding (Minor) at 10:15, Alexander Steen (Nas) for Interference (Minor) at 16:15, Brendan Gallagher (Nas) for Interference (Minor) at 19:48
2nd period
5. Predators , John Moore 3 (Justin Abdelkader 5, Alexander Edler 23) at 2:21
6. Sabres , Ilya Kovalchuk 7 (Zach Bogosian 14, Andrei Loktionov 10) at 4:50
7. Sabres , Jared Cowen 4 (Andrei Loktionov 11, Ilya Kovalchuk 19) at 11:51
Penalties :
Ilya Kovalchuk (Buf) for Hooking (Minor) at 8:59, Matt Martin (Buf) for Roughing (Minor) at 17:01, Chris Thorburn (Nas) for Hooking (Minor) at 19:44
3rd period
8. Predators , Alexander Ovechkin 13 (Ryan Kesler 16) at 6:17 (PP)
9. Predators , Justin Abdelkader 5 (Chris Thorburn 1, Anton Gustafsson 2) at 7:52
Penalties :
Matt Martin (Buf) for Roughing (Minor) at 6:15, Alexander Steen (Nas) for Holding (Minor) at 9:17
Goalie Stats
Robin Lehner (Buf), 28 saves from 34 shots - (0.824), L, 16-9-3, 60:00 minutes
Viktor Fasth (Nas), 26 saves from 29 shots - (0.897), W, 19-12-2, 60:00 minutes
Players Stats for Sabres
Player Name G A P +/- PIM S H SB GA TA FO MP PP MP PK MP
------------------------------------------------------------------------------------
Andrei Loktionov 0 2 2 -1 2 2 1 0 1 0 15/27 15:39 0:00 0:00
Bobby Ryan 0 0 0 -1 0 2 2 0 0 0 1/3 20:01 4:12 0:00
Brad Richardson 0 0 0 -1 0 0 0 0 0 0 0/0 9:51 0:00 1:02
Brandon Sutter 0 0 0 0 0 2 1 1 0 0 4/7 11:38 0:00 2:45
Darcy Hordichuk 0 0 0 0 0 2 1 0 0 0 0/1 8:30 0:00 0:00
Darren Reid 0 0 0 0 0 1 2 1 0 0 0/2 11:23 0:00 2:43
Evander Kane 0 0 0 0 0 4 3 1 1 0 0/0 17:45 4:12 0:36
Ilya Kovalchuk 1 2 3 -2 2 6 1 0 1 0 1/2 21:28 3:49 1:57
Jared Cowen 1 0 1 -2 0 1 0 0 0 2 0/0 21:39 4:07 3:03
Kurtis Foster 0 0 0 -2 0 1 1 0 1 0 0/0 13:37 0:00 0:00
Mathew Dumba 0 0 0 -2 0 0 2 0 0 0 0/0 20:17 3:54 2:56
Matt Martin 0 0 0 -1 4 1 1 0 0 0 0/0 8:44 0:00 0:00
Michael Kostka 0 0 0 -1 0 0 0 1 0 0 0/0 18:58 4:07 2:56
Rob Scuderi 0 0 0 1 0 2 1 1 0 0 0/0 19:29 0:00 0:00
Ryan O'Reilly 0 0 0 0 0 1 2 0 1 0 5/13 17:06 4:12 0:00
Vincent Lecavalier 0 0 0 -2 0 1 1 0 0 0 4/8 15:18 3:49 2:55
Zach Bogosian 0 1 1 0 0 2 2 1 2 0 0/0 26:00 3:54 3:03
Zack Kassian 1 0 1 -1 0 1 4 0 0 2 0/0 16:34 3:49 0:00
Players Stats for Predators
Player Name G A P +/- PIM S H SB GA TA FO MP PP MP PK MP
------------------------------------------------------------------------------------
Adam Burish 1 0 1 0 0 2 2 1 0 0 0/0 11:41 0:00 2:08
Alexander Edler 0 1 1 1 0 4 1 2 1 2 0/0 28:00 3:46 5:25
Alexander Ovechkin 1 2 3 2 0 5 0 1 0 0 3/6 22:37 2:52 5:17
Alexander Steen 0 0 0 -1 6 1 3 1 0 1 0/0 16:51 3:07 0:00
Andy Miele 1 0 1 1 0 1 2 0 0 0 9/14 14:21 0:00 5:02
Anton Gustafsson 0 1 1 2 0 0 1 0 0 0 3/4 8:27 0:00 0:00
Brendan Gallagher 0 0 0 -1 2 0 0 2 0 1 0/0 16:16 2:52 0:00
Chris Thorburn 0 1 1 2 2 0 2 0 0 0 0/0 8:30 0:00 0:00
Dmitri Kalinin 0 0 0 0 0 0 0 1 0 0 0/0 12:06 0:00 0:00
James Van Riemsdyk 0 1 1 0 0 2 1 0 1 0 0/0 9:34 0:00 0:19
John Moore 1 0 1 2 0 1 0 2 2 0 0/0 19:54 2:13 2:36
Justin Abdelkader 1 1 2 2 0 3 2 0 0 0 0/0 9:21 0:00 0:54
Michal Rozsival 0 0 0 0 0 1 1 0 0 1 0/0 14:57 0:00 2:36
Mikael Granlund 0 1 1 1 0 2 1 0 0 0 7/18 17:55 3:07 0:14
Niclas Bergfors 1 0 1 1 0 8 3 0 0 1 0/1 17:41 3:07 0:00
Ryan Kesler 0 1 1 -1 0 3 0 0 0 1 11/20 18:40 2:52 2:08
Ryan Mcdonagh 0 0 0 1 0 1 3 2 0 0 0/0 28:00 3:46 5:25
Ryan Murray 0 0 0 2 0 0 0 0 0 0 0/0 17:03 2:13 0:00
3 Stars
1 - Alexander Ovechkin (Nas)
2 - Justin Abdelkader (Nas)
3 - Niclas Bergfors (Nas)
Power Play
Sabres - 1 on 5 Attempt(s) - 20.00%
Predators - 1 on 4 Attempt(s) - 25.00%
Penalty Kill
Sabres - 3 on 4 Attempt(s) - 75.00%
- Score 0 goal in Penalty Kill
Predators - 4 on 5 Attempt(s) - 80.00%
- Score 1 goal in Penalty Kill
Team Stat
Sabres - Hits : 25 - Faceoff Wins : 30 - Blocked Shots : 6 - Penalty Minutes : 8
Predators - Hits : 22 - Faceoff Wins : 33 - Blocked Shots : 12 - Penalty Minutes : 10
Official
Referees : Unknown
Linesman : Unknown
Game Notes
No Game Note
Finance
Level 1 -- Attendance: 5536 (92.27%) -- Ticket Income $487,168
Level 2 -- Attendance: 4506 (90.12%) -- Ticket Income $243,324
Level 3 -- Attendance: 1994 (99.70%) -- Ticket Income $67,796
Level 4 -- Attendance: 4000 (100.00%) -- Ticket Income $104,000
Luxury Box -- Attendance: 731 (73.10%) -- Ticket Income $124,270
Game was played at the Wildcat center.
Total Attendance: 16767 (93.15%)
Total Ticket Income: $1,026,558
Other Income: $153,984
Total Income: $1,180,542
Sabres
5 vs 5 Forward
Center Left Wing Right Wing Time % Phy DF OF
1 Andrei Loktionov Ilya Kovalchuk Bobby Ryan 39 0 1 4
2 Ryan O'Reilly Evander Kane Zack Kassian 31 1 1 3
3 Vincent Lecavalier Matt Martin Brad Richardson 17 0 2 3
4 Brandon Sutter Darcy Hordichuk Darren Reid 13 0 2 3
5 vs 5 Defense
Defense Defense Time % Phy DF OF
1 Rob Scuderi Zach Bogosian 40 0 4 1
2 Kurtis Foster Jared Cowen 30 0 4 1
3 Michael Kostka Mathew Dumba 20 0 5 0
4 Rob Scuderi Mathew Dumba 10 0 5 0
PowerPlay Forward
Center Left Wing Right Wing Time % Phy DF OF
1 Ryan O'Reilly Evander Kane Bobby Ryan 50 0 0 5
2 Vincent Lecavalier Ilya Kovalchuk Zack Kassian 50 1 0 4
PowerPlay Defense
Defense Defense Time % Phy DF OF
1 Zach Bogosian Mathew Dumba 50 0 1 4
2 Michael Kostka Jared Cowen 50 0 1 4
Penalty Kill 4 Players Forward
Center Wing Time % Phy DF OF
1 Brandon Sutter Darren Reid 50 1 4 0
2 Vincent Lecavalier Ilya Kovalchuk 50 1 4 0
Penalty Kill 4 Players Defense
Defense Defense Time % Phy DF OF
1 Jared Cowen Zach Bogosian 50 1 4 0
2 Mathew Dumba Michael Kostka 50 1 4 0
Penalty Kill - 3 Players Forward
Forward Time % Phy DF OF
1 Brandon Sutter 60 0 5 0
2 Zack Kassian 40 0 5 0
Penalty Kill - 3 Players Defense
Defense Defense Time % Phy DF OF
1 Rob Scuderi Jared Cowen 60 0 5 0
2 Mathew Dumba Zach Bogosian 40 0 5 0
4 vs 4 Forward
Center Wing Time % Phy DF OF
1 Vincent Lecavalier Darren Reid 50 0 2 3
2 Ryan O'Reilly Zack Kassian 50 0 1 4
4 vs 4 Defense
Defense Defense Time % Phy DF OF
1 Michael Kostka Jared Cowen 50 0 4 1
2 Mathew Dumba Rob Scuderi 50 0 4 1
Last Minutes Offensive
Center Left Wing Right Wing Defense Defense
Ryan O'Reilly Evander Kane Bobby Ryan Zach Bogosian Jared Cowen
Last Minutes Defensive
Center Left Wing Right Wing Defense Defense
Brandon Sutter Evander Kane Zack Kassian Zach Bogosian Jared Cowen
Goaltenders
Starting : Robin Lehner
Backup : Jonas Hiller
Extra Forwards
Normal : Brandon Sutter, Ryan O'Reilly, Brad Richardson - PP : Bobby Ryan, Ryan O'Reilly - PK : Brad Richardson
Extra Defensemen
Normal : Zach Bogosian, Jared Cowen, Mathew Dumba - PP : Zach Bogosian - PK : Rob Scuderi, Jared Cowen
Penalty Shots
Evander Kane, Vincent Lecavalier, Ryan O'Reilly, Andrei Loktionov, Bobby Ryan
Scratches
Jakub Kindl (Healthy), Nathan Paetsch (Healthy), Scottie Upshall (Healthy), Andrew MacDonald (Healthy)
Predators
5 vs 5 Forward
Center Left Wing Right Wing Time % Phy DF OF
1 Mikael Granlund Alexander Ovechkin Niclas Bergfors 40 1 2 2
2 Ryan Kesler Alexander Steen Brendan Gallagher 30 2 1 2
3 Andy Miele James Van Riemsdyk Adam Burish 20 1 2 2
4 Anton Gustafsson Justin Abdelkader Chris Thorburn 10 1 2 2
5 vs 5 Defense
Defense Defense Time % Phy DF OF
1 Ryan Mcdonagh Alexander Edler 40 1 2 2
2 John Moore Ryan Murray 30 1 2 2
3 Michal Rozsival Dmitri Kalinin 20 1 2 2
4 Ryan Mcdonagh Alexander Edler 10 1 2 2
PowerPlay Forward
Center Left Wing Right Wing Time % Phy DF OF
1 Ryan Kesler Alexander Ovechkin Brendan Gallagher 60 1 1 3
2 Mikael Granlund Alexander Steen Niclas Bergfors 40 1 1 3
PowerPlay Defense
Defense Defense Time % Phy DF OF
1 Ryan Mcdonagh Alexander Edler 60 1 1 3
2 Ryan Murray John Moore 40 1 2 2
Penalty Kill 4 Players Forward
Center Wing Time % Phy DF OF
1 Andy Miele Alexander Ovechkin 60 1 2 2
2 Ryan Kesler Adam Burish 40 1 2 2
Penalty Kill 4 Players Defense
Defense Defense Time % Phy DF OF
1 Ryan Mcdonagh Alexander Edler 60 1 2 2
2 John Moore Michal Rozsival 40 1 2 2
Penalty Kill - 3 Players Forward
Forward Time % Phy DF OF
1 Alexander Ovechkin 60 1 2 2
2 Adam Burish 40 1 2 2
Penalty Kill - 3 Players Defense
Defense Defense Time % Phy DF OF
1 Ryan Mcdonagh Alexander Edler 60 1 2 2
2 John Moore Michal Rozsival 40 1 2 2
4 vs 4 Forward
Center Wing Time % Phy DF OF
1 Mikael Granlund Alexander Ovechkin 60 1 2 2
2 Ryan Kesler Niclas Bergfors 40 1 2 2
4 vs 4 Defense
Defense Defense Time % Phy DF OF
1 Ryan Mcdonagh Alexander Edler 60 1 2 2
2 John Moore Michal Rozsival 40 1 2 2
Last Minutes Offensive
Center Left Wing Right Wing Defense Defense
Ryan Kesler Alexander Ovechkin Niclas Bergfors Ryan Mcdonagh Alexander Edler
Last Minutes Defensive
Center Left Wing Right Wing Defense Defense
Ryan Kesler Alexander Ovechkin Adam Burish Ryan Mcdonagh Alexander Edler
Goaltenders
Starting : Viktor Fasth
Backup : Chad Johnson
Extra Forwards
Normal : Justin Abdelkader, James Van Riemsdyk, Anton Gustafsson - PP : Justin Abdelkader, Andy Miele - PK : Justin Abdelkader
Extra Defensemen
Normal : Michal Rozsival, Ryan Murray, John Moore - PP : Dmitri Kalinin - PK : John Moore, Dmitri Kalinin
Penalty Shots
Alexander Ovechkin, Niclas Bergfors, Ryan Kesler, Andy Miele, Justin Abdelkader
Scratches
Barret Jackman (Healthy), Byron Bitz (Separated Right Shoulder Injury), Antti Raanta (Healthy)
% Time on Ice - Sabres
Lines # - Real PCT - Wanted PCT - Time Play
Normal Forward
1 - 35% - 39% - 15:59
2 - 28% - 31% - 12:48
3 - 19% - 17% - 8:43
4 - 18% - 13% - 8:30
Normal Defense
1 - 41% - 40% - 19:05
2 - 32% - 30% - 14:36
3 - 22% - 20% - 10:05
4 - 5% - 10% - 2:14
PP Forward
1 - 52% - 50% - 4:12
2 - 48% - 50% - 3:49
PP Defense
1 - 49% - 50% - 3:54
2 - 51% - 50% - 4:07
PK Forward
1 - 48% - 50% - 2:52
2 - 52% - 50% - 3:07
PK Defense
1 - 51% - 50% - 3:03
2 - 49% - 50% - 2:56
PK3 Forward
1 - 0% - 60%
2 - 0% - 40%
PK3 Defense
1 - 0% - 60%
2 - 0% - 40%
44 Forward
1 - 0% - 50%
2 - 0% - 50%
44 Defense
1 - 0% - 50%
2 - 0% - 50%
Last Minute Offensive - 0:00
Last Minute Defensive - 0:00
Total
Forward - 60:00
Defense - 60:00
|
% Time on Ice - Predators
Lines # - Real PCT - Wanted PCT - Time Play
Normal Forward
1 - 31% - 40% - 14:29
2 - 30% - 30% - 13:50
3 - 20% - 20% - 9:14
4 - 18% - 10% - 8:27
Normal Defense
1 - 39% - 40% - 18:01
2 - 33% - 30% - 15:05
3 - 26% - 20% - 12:06
4 - 2% - 10% - 0:48
PP Forward
1 - 48% - 60% - 2:52
2 - 52% - 40% - 3:07
PP Defense
1 - 63% - 60% - 3:46
2 - 37% - 40% - 2:13
PK Forward
1 - 73% - 60% - 5:53
2 - 27% - 40% - 2:08
PK Defense
1 - 68% - 60% - 5:25
2 - 32% - 40% - 2:36
PK3 Forward
1 - 0% - 60%
2 - 0% - 40%
PK3 Defense
1 - 0% - 60%
2 - 0% - 40%
44 Forward
1 - 0% - 60%
2 - 0% - 40%
44 Defense
1 - 0% - 60%
2 - 0% - 40%
Last Minute Offensive - 0:00
Last Minute Defensive - 0:00
Total
Forward - 60:00
Defense - 60:00
|
Play-by-Play
1st period
0:01 of 1st period - Andrei Loktionov wins face-off versus Mikael Granlund in neutral zone.
0:08 of 1st period - Wrist shot by Ilya Kovalchuk.
0:08 of 1st period - Shot Misses the Net.
0:18 of 1st period - Ryan Mcdonagh is hit by Rob Scuderi.
0:59 of 1st period - Icing by Brandon Sutter.
1:00 of 1st period - Brandon Sutter wins face-off versus Anton Gustafsson in Sabres zone.
1:11 of 1st period - Snap shot by Darcy Hordichuk.
1:11 of 1st period - Stopped by Viktor Fasth without a rebound.
1:12 of 1st period - Mikael Granlund wins face-off versus Vincent Lecavalier in Predators zone.
1:53 of 1st period - Minor Penalty to Andrei Loktionov for Interference.
1:54 of 1st period - Ryan Kesler wins face-off versus Darren Reid in Sabres zone.
2:01 of 1st period - Snap shot by Brendan Gallagher.
2:01 of 1st period - Shot Misses the Net.
2:03 of 1st period - Slapshot by Alexander Edler.
2:03 of 1st period - Stopped by Robin Lehner with a rebound.
2:05 of 1st period - Snap shot by Alexander Edler.
2:05 of 1st period - Shot Misses the Net.
2:07 of 1st period - Backhand shot by Ryan Mcdonagh.
2:07 of 1st period - Shot Blocked by Brandon Sutter.
2:09 of 1st period - Slapshot by Ryan Mcdonagh.
2:09 of 1st period - Shot Blocked by Zach Bogosian.
2:30 of 1st period - Icing by Niclas Bergfors.
2:31 of 1st period - Mikael Granlund wins face-off versus Ilya Kovalchuk in Predators zone.
2:46 of 1st period - Niclas Bergfors is hit by Vincent Lecavalier and loses puck.
2:58 of 1st period - Slapshot by Alexander Edler.
2:58 of 1st period - Stopped by Robin Lehner without a rebound.
2:59 of 1st period - Brandon Sutter wins face-off versus Ryan Kesler in Sabres zone.
3:50 of 1st period - Alexander Edler is hit by Brandon Sutter and loses puck.
3:53 of 1st period - Penalty to Andrei Loktionov is over, Andrei Loktionov is back on ice.
4:21 of 1st period - Andy Miele is hit by Evander Kane and loses puck.
4:39 of 1st period - Ilya Kovalchuk is hit by Chris Thorburn and loses puck.
4:54 of 1st period - Slapshot by Vincent Lecavalier.
4:54 of 1st period - Shot Misses the Net.
5:10 of 1st period - Icing by John Moore.
5:11 of 1st period - Mikael Granlund wins face-off versus Brandon Sutter in Predators zone.
5:11 of 1st period - Mikael Granlund is hit by Darcy Hordichuk.
5:21 of 1st period - Slapshot by Niclas Bergfors.
5:21 of 1st period - Stopped by Robin Lehner without a rebound.
5:22 of 1st period - Andrei Loktionov wins face-off versus Mikael Granlund in Sabres zone.
5:29 of 1st period - Alexander Ovechkin is hit by Bobby Ryan and loses puck.
5:34 of 1st period - Wrist shot by Bobby Ryan.
5:34 of 1st period - Stopped by Viktor Fasth without a rebound.
5:35 of 1st period - Alexander Ovechkin wins face-off versus Ryan O'Reilly in Predators zone.
5:35 of 1st period - Alexander Ovechkin is hit by Evander Kane.
6:25 of 1st period - Slapshot by Zach Bogosian.
6:25 of 1st period - Stopped by Viktor Fasth with a rebound.
6:27 of 1st period - Slapshot by Zach Bogosian.
6:27 of 1st period - Shot Misses the Net.
6:29 of 1st period - Snap shot by Zach Bogosian.
6:29 of 1st period - Stopped by Viktor Fasth with a rebound.
6:31 of 1st period - Wrist shot by Rob Scuderi.
6:31 of 1st period - Stopped by Viktor Fasth with a rebound.
6:47 of 1st period - Slapshot by Darcy Hordichuk.
6:47 of 1st period - Shot Misses the Net.
7:03 of 1st period - Niclas Bergfors is hit by Ryan O'Reilly and loses puck.
8:03 of 1st period - Kurtis Foster is hit by Adam Burish and loses puck.
8:22 of 1st period - Snap shot by Brad Richardson.
8:22 of 1st period - Shot Blocked by John Moore.
8:32 of 1st period - Snap shot by Matt Martin.
8:32 of 1st period - Stopped by Viktor Fasth without a rebound.
8:33 of 1st period - Ryan O'Reilly wins face-off versus Mikael Granlund in Predators zone.
8:36 of 1st period - Slapshot by Zach Bogosian.
8:36 of 1st period - Shot Blocked by Alexander Ovechkin.
8:42 of 1st period - Zach Bogosian is hit by Niclas Bergfors and loses puck.
10:08 of 1st period - Snap shot by Brandon Sutter.
10:08 of 1st period - Shot Misses the Net.
10:10 of 1st period - Snap shot by Darren Reid.
10:10 of 1st period - Shot Blocked by Adam Burish.
10:12 of 1st period - Wrist shot by Rob Scuderi.
10:12 of 1st period - Deflect By Darcy Hordichuk.
10:12 of 1st period - Shot Misses the Net.
10:12 of 1st period - Puck is out of play.
10:13 of 1st period - Ryan Kesler wins face-off versus Andrei Loktionov in Predators zone.
10:15 of 1st period - Minor Penalty to Alexander Steen for Holding.
10:16 of 1st period - Andy Miele wins face-off versus Vincent Lecavalier in Predators zone.
10:20 of 1st period - Snap shot by Zack Kassian.
10:20 of 1st period - Goal by Zack Kassian - Sabres : 1 - Predators : 0.
10:21 of 1st period - Andrei Loktionov wins face-off versus Mikael Granlund in neutral zone.
11:22 of 1st period - Snap shot by Adam Burish.
11:22 of 1st period - Goal by Adam Burish - Sabres : 1 - Predators : 1.
11:23 of 1st period - Andrei Loktionov wins face-off versus Mikael Granlund in neutral zone.
12:19 of 1st period - Slapshot by Alexander Edler.
12:19 of 1st period - Shot Hit the Post.
12:57 of 1st period - Brendan Gallagher is hit by Zach Bogosian and loses puck.
13:06 of 1st period - Wrist shot by Ryan Kesler.
13:06 of 1st period - Deflect By Zach Bogosian.
13:06 of 1st period - Stopped by Robin Lehner without a rebound.
13:07 of 1st period - Mikael Granlund wins face-off versus Andrei Loktionov in Sabres zone.
13:12 of 1st period - Snap shot by Alexander Ovechkin.
13:12 of 1st period - Shot Misses the Net.
13:14 of 1st period - Slapshot by Niclas Bergfors.
13:14 of 1st period - Goal by Niclas Bergfors - Sabres : 1 - Predators : 2.
13:15 of 1st period - Mikael Granlund wins face-off versus Andrei Loktionov in neutral zone.
14:15 of 1st period - Wrist shot by Justin Abdelkader.
14:15 of 1st period - Shot Blocked by Rob Scuderi.
14:54 of 1st period - Wrist shot by Ilya Kovalchuk.
14:54 of 1st period - Stopped by Viktor Fasth with a rebound.
15:14 of 1st period - Rob Scuderi is hit by James Van Riemsdyk and loses puck.
15:40 of 1st period - Wrist shot by Darren Reid.
15:40 of 1st period - Shot Hit the Post.
15:42 of 1st period - Snap shot by Brandon Sutter.
15:42 of 1st period - Shot Misses the Net.
16:12 of 1st period - Slapshot by Alexander Edler.
16:12 of 1st period - Stopped by Robin Lehner without a rebound.
16:13 of 1st period - Ryan Kesler wins face-off versus Andrei Loktionov in Sabres zone.
16:15 of 1st period - Minor Penalty to Alexander Steen for Interference.
16:16 of 1st period - Andy Miele wins face-off versus Ryan O'Reilly in Predators zone.
16:22 of 1st period - Icing by Jared Cowen.
16:23 of 1st period - Andy Miele wins face-off versus Ryan O'Reilly in Sabres zone.
16:26 of 1st period - Slapshot by Alexander Ovechkin.
16:26 of 1st period - Stopped by Robin Lehner with a rebound.
16:28 of 1st period - Slapshot by Ryan Mcdonagh.
16:28 of 1st period - Stopped by Robin Lehner with a rebound.
16:30 of 1st period - Wrist shot by Andy Miele.
16:30 of 1st period - Deflect By Alexander Ovechkin.
16:30 of 1st period - Stopped by Robin Lehner without a rebound.
16:31 of 1st period - Andy Miele wins face-off versus Vincent Lecavalier in Sabres zone.
16:40 of 1st period - Slapshot by Alexander Ovechkin.
16:40 of 1st period - Deflect By Andy Miele.
16:40 of 1st period - Goal by Andy Miele - Sabres : 1 - Predators : 3.
16:41 of 1st period - Ryan O'Reilly wins face-off versus Andy Miele in neutral zone.
17:48 of 1st period - Justin Abdelkader is hit by Zack Kassian.
18:15 of 1st period - Penalty to Alexander Steen is over, Alexander Steen is back on ice.
19:25 of 1st period - Vincent Lecavalier is hit by Niclas Bergfors and loses puck.
19:48 of 1st period - Minor Penalty to Brendan Gallagher for Interference.
19:49 of 1st period - Andy Miele wins face-off versus Bobby Ryan in Predators zone.
Goals for this period are 1 for Sabres vs 3 for Predators.
Shots for this period are 8 for Sabres vs 11 for Predators.
2nd period
0:01 of 2nd period - Vincent Lecavalier wins face-off versus Andy Miele in neutral zone.
0:26 of 2nd period - Jared Cowen is hit by Ryan Mcdonagh and loses puck.
0:36 of 2nd period - Icing by Bobby Ryan.
0:37 of 2nd period - Andy Miele wins face-off versus Ryan O'Reilly in Sabres zone.
0:38 of 2nd period - Wrist shot by Alexander Ovechkin.
0:38 of 2nd period - Shot Blocked by Michael Kostka.
0:47 of 2nd period - Off-side.
0:48 of 2nd period - Vincent Lecavalier wins face-off versus Andy Miele in neutral zone.
0:51 of 2nd period - Ryan Mcdonagh is hit by Zack Kassian.
0:57 of 2nd period - Zack Kassian is hit by Ryan Mcdonagh and loses puck.
1:48 of 2nd period - Penalty to Brendan Gallagher is over, Brendan Gallagher is back on ice.
2:01 of 2nd period - Snap shot by Justin Abdelkader.
2:01 of 2nd period - Stopped by Robin Lehner without a rebound.
2:02 of 2nd period - Anton Gustafsson wins face-off versus Andrei Loktionov in Sabres zone.
2:19 of 2nd period - Slapshot by Justin Abdelkader.
2:19 of 2nd period - Shot Misses the Net.
2:21 of 2nd period - Slapshot by John Moore.
2:21 of 2nd period - Goal by John Moore - Sabres : 1 - Predators : 4.
2:22 of 2nd period - Andrei Loktionov wins face-off versus Mikael Granlund in neutral zone.
2:27 of 2nd period - Snap shot by Ilya Kovalchuk.
2:27 of 2nd period - Deflect By Niclas Bergfors.
2:27 of 2nd period - Shot Hit the Post.
2:27 of 2nd period - Puck is out of play.
2:28 of 2nd period - Andrei Loktionov wins face-off versus Mikael Granlund in Predators zone.
3:18 of 2nd period - Ryan Mcdonagh is hit by Mathew Dumba and loses puck.
3:31 of 2nd period - Michael Kostka is hit by Andy Miele and loses puck.
3:50 of 2nd period - Wrist shot by Alexander Ovechkin.
3:50 of 2nd period - Stopped by Robin Lehner with a rebound.
4:12 of 2nd period - Snap shot by Andrei Loktionov.
4:12 of 2nd period - Shot Misses the Net.
4:14 of 2nd period - Slapshot by Ilya Kovalchuk.
4:14 of 2nd period - Shot Misses the Net.
4:36 of 2nd period - Icing by Alexander Steen.
4:37 of 2nd period - Andrei Loktionov wins face-off versus Ryan Kesler in Predators zone.
4:46 of 2nd period - Slapshot by Ilya Kovalchuk.
4:46 of 2nd period - Shot Misses the Net.
4:50 of 2nd period - Snap shot by Ilya Kovalchuk.
4:50 of 2nd period - Goal by Ilya Kovalchuk - Sabres : 2 - Predators : 4.
4:51 of 2nd period - Andrei Loktionov wins face-off versus Mikael Granlund in neutral zone.
5:26 of 2nd period - Wrist shot by Alexander Steen.
5:26 of 2nd period - Deflect By Brendan Gallagher.
5:26 of 2nd period - Shot Blocked by Evander Kane.
5:26 of 2nd period - Puck is out of play.
5:27 of 2nd period - Ryan Kesler wins face-off versus Bobby Ryan in Sabres zone.
5:38 of 2nd period - Snap shot by Alexander Steen.
5:38 of 2nd period - Stopped by Robin Lehner with a rebound.
5:40 of 2nd period - Slapshot by Brendan Gallagher.
5:40 of 2nd period - Deflect By Ryan Kesler.
5:40 of 2nd period - Stopped by Robin Lehner with a rebound.
5:42 of 2nd period - Wrist shot by Brendan Gallagher.
5:42 of 2nd period - Shot Misses the Net.
5:56 of 2nd period - Michal Rozsival is hit by Zack Kassian and loses puck.
6:01 of 2nd period - Wrist shot by Evander Kane.
6:01 of 2nd period - Shot Blocked by Dmitri Kalinin.
6:03 of 2nd period - Slapshot by Kurtis Foster.
6:03 of 2nd period - Stopped by Viktor Fasth without a rebound.
6:04 of 2nd period - Andrei Loktionov wins face-off versus Ryan Kesler in Predators zone.
6:07 of 2nd period - Snap shot by Andrei Loktionov.
6:07 of 2nd period - Shot Blocked by Ryan Mcdonagh.
6:09 of 2nd period - Slapshot by Ilya Kovalchuk.
6:09 of 2nd period - Stopped by Viktor Fasth without a rebound.
6:10 of 2nd period - Andrei Loktionov wins face-off versus Ryan Kesler in Predators zone.
6:19 of 2nd period - Snap shot by Bobby Ryan.
6:19 of 2nd period - Shot Misses the Net.
6:39 of 2nd period - Wrist shot by Niclas Bergfors.
6:39 of 2nd period - Stopped by Robin Lehner without a rebound.
6:40 of 2nd period - Ryan O'Reilly wins face-off versus Alexander Ovechkin in Sabres zone.
7:04 of 2nd period - Wrist shot by Evander Kane.
7:04 of 2nd period - Stopped by Viktor Fasth without a rebound.
7:05 of 2nd period - Andrei Loktionov wins face-off versus Andy Miele in Predators zone.
7:10 of 2nd period - Snap shot by Bobby Ryan.
7:10 of 2nd period - Shot Misses the Net.
7:18 of 2nd period - Snap shot by James Van Riemsdyk.
7:18 of 2nd period - Stopped by Robin Lehner without a rebound.
7:19 of 2nd period - Andrei Loktionov wins face-off versus Alexander Ovechkin in Sabres zone.
7:19 of 2nd period - Andrei Loktionov is hit by Alexander Edler.
7:25 of 2nd period - Backhand shot by Rob Scuderi.
7:25 of 2nd period - Shot Blocked by Alexander Edler.
7:35 of 2nd period - Snap shot by Mikael Granlund.
7:35 of 2nd period - Shot Misses the Net.
7:45 of 2nd period - Ryan O'Reilly is hit by Alexander Steen.
8:35 of 2nd period - Snap shot by James Van Riemsdyk.
8:35 of 2nd period - Deflect By Adam Burish.
8:35 of 2nd period - Stopped by Robin Lehner without a rebound.
8:36 of 2nd period - Alexander Ovechkin wins face-off versus Andrei Loktionov in Sabres zone.
8:49 of 2nd period - Snap shot by Mikael Granlund.
8:49 of 2nd period - Stopped by Robin Lehner with a rebound.
8:59 of 2nd period - Minor Penalty to Ilya Kovalchuk for Hooking.
9:00 of 2nd period - Brandon Sutter wins face-off versus Ryan Kesler in Sabres zone.
10:59 of 2nd period - Penalty to Ilya Kovalchuk is over, Ilya Kovalchuk is back on ice.
11:30 of 2nd period - Wrist shot by Justin Abdelkader.
11:30 of 2nd period - Stopped by Robin Lehner without a rebound.
11:31 of 2nd period - Anton Gustafsson wins face-off versus Ryan O'Reilly in Sabres zone.
11:34 of 2nd period - Wrist shot by Chris Thorburn.
11:34 of 2nd period - Shot Misses the Net.
11:36 of 2nd period - Snap shot by Michal Rozsival.
11:36 of 2nd period - Stopped by Robin Lehner without a rebound.
11:37 of 2nd period - Andy Miele wins face-off versus Andrei Loktionov in Sabres zone.
11:42 of 2nd period - Andy Miele is hit by Ilya Kovalchuk and loses puck.
11:47 of 2nd period - Wrist shot by Ilya Kovalchuk.
11:47 of 2nd period - Stopped by Viktor Fasth with a rebound.
11:49 of 2nd period - Wrist shot by Andrei Loktionov.
11:49 of 2nd period - Shot Misses the Net.
11:51 of 2nd period - Slapshot by Jared Cowen.
11:51 of 2nd period - Goal by Jared Cowen - Sabres : 3 - Predators : 4.
11:52 of 2nd period - Mikael Granlund wins face-off versus Andrei Loktionov in neutral zone.
11:55 of 2nd period - Slapshot by Alexander Edler.
11:55 of 2nd period - Stopped by Robin Lehner without a rebound.
11:56 of 2nd period - Alexander Ovechkin wins face-off versus Andrei Loktionov in Sabres zone.
11:57 of 2nd period - Snap shot by Niclas Bergfors.
11:57 of 2nd period - Stopped by Robin Lehner with a rebound.
11:59 of 2nd period - Slapshot by Ryan Mcdonagh.
11:59 of 2nd period - Shot Misses the Net.
12:01 of 2nd period - Wrist shot by Niclas Bergfors.
12:01 of 2nd period - Stopped by Robin Lehner with a rebound.
12:11 of 2nd period - Wrist shot by Niclas Bergfors.
12:11 of 2nd period - Stopped by Robin Lehner with a rebound.
12:13 of 2nd period - Snap shot by Mikael Granlund.
12:13 of 2nd period - Stopped by Robin Lehner with a rebound.
12:43 of 2nd period - Snap shot by Ryan O'Reilly.
12:43 of 2nd period - Shot Misses the Net.
12:53 of 2nd period - Snap shot by Andy Miele.
12:53 of 2nd period - Shot Misses the Net.
13:03 of 2nd period - Darcy Hordichuk is hit by Chris Thorburn and loses puck.
14:06 of 2nd period - Michal Rozsival is hit by Kurtis Foster and loses puck.
14:42 of 2nd period - Icing by Chris Thorburn.
14:43 of 2nd period - Anton Gustafsson wins face-off versus Andrei Loktionov in Predators zone.
15:09 of 2nd period - Icing by Niclas Bergfors.
15:10 of 2nd period - Ryan O'Reilly wins face-off versus Ryan Kesler in Predators zone.
15:13 of 2nd period - Snap shot by Evander Kane.
15:13 of 2nd period - Stopped by Viktor Fasth without a rebound.
15:14 of 2nd period - Ryan Kesler wins face-off versus Ryan O'Reilly in Predators zone.
15:14 of 2nd period - Ryan Kesler is hit by Zach Bogosian.
16:16 of 2nd period - Snap shot by Ryan O'Reilly.
16:16 of 2nd period - Shot Misses the Net.
16:18 of 2nd period - Slapshot by Rob Scuderi.
16:18 of 2nd period - Deflect By Ryan O'Reilly.
16:18 of 2nd period - Stopped by Viktor Fasth with a rebound.
16:20 of 2nd period - Wrist shot by Evander Kane.
16:20 of 2nd period - Stopped by Viktor Fasth without a rebound.
16:21 of 2nd period - Mikael Granlund wins face-off versus Andrei Loktionov in Predators zone.
16:38 of 2nd period - Wrist shot by Alexander Ovechkin.
16:38 of 2nd period - Shot Misses the Net.
16:52 of 2nd period - Snap shot by Andy Miele.
16:52 of 2nd period - Shot Misses the Net.
16:54 of 2nd period - Snap shot by James Van Riemsdyk.
16:54 of 2nd period - Shot Misses the Net.
16:56 of 2nd period - Snap shot by Andy Miele.
16:56 of 2nd period - Deflect By James Van Riemsdyk.
16:56 of 2nd period - Stopped by Robin Lehner without a rebound.
16:57 of 2nd period - Vincent Lecavalier wins face-off versus Mikael Granlund in Sabres zone.
17:01 of 2nd period - Minor Penalty to Matt Martin for Roughing.
17:02 of 2nd period - Ryan Kesler wins face-off versus Brandon Sutter in Sabres zone.
17:19 of 2nd period - Wrist shot by Darren Reid.
17:19 of 2nd period - Shot Blocked by Brendan Gallagher.
18:16 of 2nd period - Vincent Lecavalier is hit by Alexander Steen and loses puck.
19:01 of 2nd period - Penalty to Matt Martin is over, Matt Martin is back on ice.
19:44 of 2nd period - Minor Penalty to Chris Thorburn for Hooking.
19:45 of 2nd period - Andy Miele wins face-off versus Ryan O'Reilly in Predators zone.
19:56 of 2nd period - Backhand shot by Evander Kane.
19:56 of 2nd period - Deflect By Bobby Ryan.
19:56 of 2nd period - Stopped by Viktor Fasth with a rebound.
Goals for this period are 2 for Sabres vs 1 for Predators.
Shots for this period are 10 for Sabres vs 17 for Predators.
3rd period
0:01 of 3rd period - Vincent Lecavalier wins face-off versus Andy Miele in neutral zone.
1:11 of 3rd period - Wrist shot by Ryan Kesler.
1:11 of 3rd period - Stopped by Robin Lehner without a rebound.
1:12 of 3rd period - Ryan Kesler wins face-off versus Ryan O'Reilly in Sabres zone.
1:44 of 3rd period - Penalty to Chris Thorburn is over, Chris Thorburn is back on ice.
1:53 of 3rd period - Mathew Dumba is hit by Justin Abdelkader and loses puck.
2:28 of 3rd period - Mikael Granlund is hit by Andrei Loktionov.
2:57 of 3rd period - Jared Cowen is hit by Anton Gustafsson and loses puck.
3:16 of 3rd period - Slapshot by Jared Cowen.
3:16 of 3rd period - Shot Blocked by Alexander Steen.
3:42 of 3rd period - Snap shot by Vincent Lecavalier.
3:42 of 3rd period - Stopped by Viktor Fasth with a rebound.
4:14 of 3rd period - John Moore is hit by Darren Reid and loses puck.
4:19 of 3rd period - Wrist shot by Brandon Sutter.
4:19 of 3rd period - Stopped by Viktor Fasth without a rebound.
4:20 of 3rd period - Brandon Sutter wins face-off versus Ryan Kesler in Predators zone.
4:21 of 3rd period - Snap shot by Darcy Hordichuk.
4:21 of 3rd period - Stopped by Viktor Fasth without a rebound.
4:22 of 3rd period - Andrei Loktionov wins face-off versus Ryan Kesler in Predators zone.
4:47 of 3rd period - John Moore is hit by Evander Kane and loses puck.
4:56 of 3rd period - Snap shot by Niclas Bergfors.
4:56 of 3rd period - Stopped by Robin Lehner with a rebound.
4:58 of 3rd period - Snap shot by Niclas Bergfors.
4:58 of 3rd period - Stopped by Robin Lehner without a rebound.
4:59 of 3rd period - Bobby Ryan wins face-off versus Ryan Kesler in Sabres zone.
5:06 of 3rd period - Snap shot by Ilya Kovalchuk.
5:06 of 3rd period - Stopped by Viktor Fasth without a rebound.
5:07 of 3rd period - Ryan Kesler wins face-off versus Andrei Loktionov in Predators zone.
5:28 of 3rd period - Backhand shot by Andrei Loktionov.
5:28 of 3rd period - Shot Blocked by Brendan Gallagher.
5:30 of 3rd period - Wrist shot by Ilya Kovalchuk.
5:30 of 3rd period - Shot Blocked by Ryan Mcdonagh.
5:32 of 3rd period - Wrist shot by Ilya Kovalchuk.
5:32 of 3rd period - Stopped by Viktor Fasth without a rebound.
5:33 of 3rd period - Ryan O'Reilly wins face-off versus Alexander Ovechkin in Predators zone.
5:36 of 3rd period - Snap shot by Evander Kane.
5:36 of 3rd period - Stopped by Viktor Fasth with a rebound.
6:15 of 3rd period - Minor Penalty to Matt Martin for Roughing.
6:16 of 3rd period - Ryan Kesler wins face-off versus Brandon Sutter in Sabres zone.
6:17 of 3rd period - Wrist shot by Alexander Ovechkin.
6:17 of 3rd period - Goal by Alexander Ovechkin - Sabres : 3 - Predators : 5.
6:18 of 3rd period - Ilya Kovalchuk wins face-off versus Niclas Bergfors in neutral zone.
6:45 of 3rd period - Alexander Edler is hit by Ryan O'Reilly and loses puck.
7:52 of 3rd period - Snap shot by Justin Abdelkader.
7:52 of 3rd period - Goal by Justin Abdelkader - Sabres : 3 - Predators : 6.
7:53 of 3rd period - Andrei Loktionov wins face-off versus Mikael Granlund in neutral zone.
8:06 of 3rd period - Wrist shot by Alexander Ovechkin.
8:06 of 3rd period - Stopped by Robin Lehner without a rebound.
8:07 of 3rd period - Andrei Loktionov wins face-off versus Mikael Granlund in Sabres zone.
8:17 of 3rd period - Slapshot by Rob Scuderi.
8:17 of 3rd period - Stopped by Viktor Fasth with a rebound.
8:19 of 3rd period - Wrist shot by Andrei Loktionov.
8:19 of 3rd period - Stopped by Viktor Fasth with a rebound.
9:11 of 3rd period - Snap shot by Brandon Sutter.
9:11 of 3rd period - Stopped by Viktor Fasth with a rebound.
9:17 of 3rd period - Minor Penalty to Alexander Steen for Holding.
9:18 of 3rd period - Andy Miele wins face-off versus Vincent Lecavalier in Predators zone.
11:09 of 3rd period - Zack Kassian is hit by Justin Abdelkader and loses puck.
11:17 of 3rd period - Penalty to Alexander Steen is over, Alexander Steen is back on ice.
11:24 of 3rd period - Adam Burish is hit by Bobby Ryan and loses puck.
11:55 of 3rd period - Wrist shot by Brad Richardson.
11:55 of 3rd period - Shot Blocked by John Moore.
13:45 of 3rd period - Bobby Ryan is hit by Alexander Steen and loses puck.
14:13 of 3rd period - Brandon Sutter is hit by Ryan Mcdonagh and loses puck.
15:42 of 3rd period - Dmitri Kalinin is hit by Mathew Dumba and loses puck.
15:49 of 3rd period - Rob Scuderi is hit by Niclas Bergfors and loses puck.
16:04 of 3rd period - Zach Bogosian is hit by Andy Miele and loses puck.
16:30 of 3rd period - Ryan Mcdonagh is hit by Zack Kassian.
16:52 of 3rd period - Anton Gustafsson is hit by Matt Martin.
16:56 of 3rd period - Matt Martin is hit by Michal Rozsival and loses puck.
17:33 of 3rd period - Ryan O'Reilly is hit by Mikael Granlund and loses puck.
18:08 of 3rd period - Slapshot by Darren Reid.
18:08 of 3rd period - Stopped by Viktor Fasth without a rebound.
18:09 of 3rd period - Ryan Kesler wins face-off versus Darcy Hordichuk in Predators zone.
18:44 of 3rd period - Snap shot by Ilya Kovalchuk.
18:44 of 3rd period - Deflect By Andrei Loktionov.
18:44 of 3rd period - Stopped by Viktor Fasth with a rebound.
18:46 of 3rd period - Snap shot by Bobby Ryan.
18:46 of 3rd period - Shot Blocked by Alexander Edler.
18:56 of 3rd period - Zach Bogosian is hit by Adam Burish and loses puck.
19:34 of 3rd period - Icing by Justin Abdelkader.
19:35 of 3rd period - Ryan Kesler wins face-off versus Darren Reid in Predators zone.
19:35 of 3rd period - Ryan Kesler is hit by Darren Reid.
19:45 of 3rd period - Slapshot by Alexander Steen.
19:45 of 3rd period - Shot Misses the Net.
19:47 of 3rd period - Slapshot by Ryan Mcdonagh.
19:47 of 3rd period - Shot Blocked by Darren Reid.
Goals for this period are 0 for Sabres vs 2 for Predators.
Shots for this period are 11 for Sabres vs 6 for Predators.
Back to the Top